 Dungeon Crawl Stone Soup version 0.28-a0-1038-g9c4cb8273d (webtiles) character file.

Game seed: 2400188756769921959

19230 Peloso the Carver (level 12, 0/110 HPs)
             Began as a Minotaur Fighter on Dec 8, 2021.
             Was a High Priest of Okawaru.
             Succumbed to a minotaur's poison
             ... in a Gauntlet.
             The game lasted 00:24:06 (15417 turns).

Peloso the Carver (Minotaur Fighter)               Turns: 15417, Time: 00:24:06

Health: 0/110      AC: 24    Str: 24    XL:     12   Next: 34%
Magic:  12/12      EV: 10    Int:  5    God:    Okawaru [*****.]
Gold:   616        SH:  0    Dex: 15    Spells: 11/11 levels left

rFire   + . .      SeeInvis .   a - +0 scimitar (flame)
rCold   . . .      Faith    .   c - +2 buckler
rNeg    . . .      Spirit   .   E - +0 plate armour
rPois   .          Reflect  .   (helmet restricted)
rElec   .          Harm     .   h - +2 cloak
rCorr   .          Rampage  +   r - +0 pair of gloves
Will    .....      NoTele   +   x - +2 pair of boots {rampage}
Stlth   ..........              (no amulet)
HPRegen 0.28/turn               z - ring of Noon {rF+ Dex+3}
MPRegen 0.13/turn               (no ring)

@: confused, mighty, lethally poisoned (0 -> -13), slowed, very slow
A: horns 2, retaliatory headbutt
a: Renounce Religion, Heroism, Finesse, Duel


You were in a Gauntlet.
You worshipped Okawaru.
Okawaru was extremely pleased with you.
You visited 3 branches of the dungeon, and saw 13 of its levels.
You also visited: Gauntlet.

You collected 616 gold pieces.

Inventory:

Hand Weapons
 a - a +0 scimitar of flaming (weapon)
 b - a +6 falchion
Armour
 c - a +2 buckler (worn)
 h - a +2 cloak (worn)
 r - a +0 pair of gloves (worn)
 x - a +2 pair of boots of rampaging (worn)
 E - a +0 plate armour (worn)
 I - a +2 scale mail of fire resistance
Jewellery
 t - a ring of see invisible
 z - the ring of Noon (left hand) {rF+ Dex+3}
   (You found it in a Gauntlet)

   [ring of protection from fire]

   Dex:       It affects your dexterity (+3).
   rF:        It protects you from fire.
 K - a ring of flight
Wands
 s - a wand of paralysis (10)
 u - a wand of flame (15)
 v - a wand of polymorph (8)
Scrolls
 e - 2 scrolls of summoning
 f - 5 scrolls of amnesia
 j - 2 scrolls of enchant armour {unknown}
 m - a scroll of immolation
 o - 2 scrolls of fog
 p - 3 scrolls of enchant weapon
 w - a scroll of holy word
 y - a scroll of teleportation
 A - 2 scrolls of brand weapon
 B - 2 scrolls of fear {unknown}
 C - a scroll of identify
 G - 2 scrolls of blinking {unknown}
Potions
 i - 2 potions of haste {unknown}
 k - 2 potions of degeneration
 l - 3 potions of resistance
 n - 5 potions of brilliance
 q - a potion of cancellation {unknown}
 F - a potion of flight {unknown}
 J - a potion of ambrosia {unknown}


   Skills:
 + Level 11.1 Fighting
 + Level 14.8 Long Blades
 + Level 13.0 Armour
 + Level 5.2 Dodging
 + Level 3.0 Stealth
 + Level 8.6 Shields
 + Level 1.7 Invocations
 + Level 1.1 Evocations


You had 11 spell levels left.
You didn't know any spells.
Your spell library contained the following spells:

 Spells                   Type           Power      Damage    Failure   Level
 Hailstorm                Conj/Ice       0%         3d3       100%        4
 Freezing Cloud           Conj/Ice/Air   0%         6-21      100%        5


Dungeon Overview and Level Annotations

Branches:
Dungeon (11/15)            Temple (1/1) D:5            Lair (1/6) D:11
    Orc (0/2) D:9         Gauntlet (1/1)

Altars:
Cheibriados
Dithmenos
Elyvilon
Fedhas
Gozag
Hepliaklqana
Kikubaaqudgha
Makhleb
Okawaru
Qazlal
Sif Muna
Uskayaw
Yredelemnul
Zin
The Shining One

Annotations:
Gauntlet 6 transporters


Innate Abilities, Weirdness & Mutations

You have a pair of horns on your head.
You reflexively headbutt those who attack you in melee.


Message History

Being near the torpor snail leaves you feeling lethargic.
The golden eye blinks at you. You resist with some effort.
The boggart hits you.
* * * LOW HITPOINT WARNING * * *
The minotaur completely misses you.
The minotaur gores you but does no damage.
The golden eye blinks!
The golden eye blinks at you.
You are more confused.
You hear an angry hiss.
Unknown command.
You're too confused to move!
* * * LOW HITPOINT WARNING * * *
You feel extremely sick. The golden eye blinks at you.
You are more confused.
The boggart closely misses you. The golden eye blinks at you.
You easily resist.
The boggart mumbles some strange words.
The boggart blinks!
The necromancer hits you with a +0 dagger.
* * * LOW HITPOINT WARNING * * *
The boggart casts a spell.
The golden eye blinks at you.
The boggart hits you but does no damage.
The golden eye blinks at you. The minotaur closely misses you.
The minotaur barely misses you.
The boggart hits you but does no damage.
The golden eye blinks!
The necromancer casts a spell at you.
Your body is wracked with pain!
* * * LOW HITPOINT WARNING * * *
The boggart mumbles some strange words.
Unknown command.
You closely miss the minotaur.
The minotaur furiously retaliates!
The minotaur headbutts you.
* * * LOW HITPOINT WARNING * * *
You headbutt the minotaur, but do no damage.
The minotaur is severely wounded.
You die...

#####≈..#.# ###
#..###..#.#
#...##..##≈..#.#
#.#.##..###..##.
#.#..Y..##≈..###
#4#Y##..###..#©# ###+#
#4wY##....#..##.
###.GGg##3#.##...©#..###
#['GZZp@gg#.......#.....
###GZ{H##g#.##....#.∩...


#.GGZ #.zz##...©#..### ##+## #z#.##....#..#Y. #.#.....###..##. #.#.##..##≈..###
#...##..###..#©# ##### ..##≈..#!. ##..#.( You could see a minotaur (soul bound),
3 elephants, a torpor snail (summoned), a necromancer (summoned), a sixfirhy
(summoned), 2 flying skulls, 4 boggarts, 6 golden eyes, a black mamba zombie
(summoned), an alligator zombie (summoned), a cyclops zombie (summoned) and a
faun skeleton (summoned).

Vanquished Creatures
  A fire dragon (D:11)
  2 hydras (D:11)
  Erica (D:8)
  5 two-headed ogres
  A fire crab (Gauntlet)
  A soul eater (Gauntlet)
  A skeletal warrior (D:11)
  Pikel (D:6)
  A manticore (D:11)
  An unseen horror (D:11)
  A komodo dragon (D:11)
  2 trolls
  Prince Ribbit (D:5)
  The ghost of DrunkBamboolord the Conjurer, an amateur OpCj (D:5)
  Sigmund (D:5)
  A shadow (D:5)
  A vampire (D:10)
  5 fire bats (Gauntlet)
  16 yaks
  4 vampire mosquitoes (D:11)
  2 steam dragons
  Menkaure (D:7)
  3 small abominations (Gauntlet)
  2 large abominations (Gauntlet)
  An acid dragon (D:6)
  3 hell hounds (Gauntlet)
  4 sky beasts
  2 necrophages (D:6)
  An ice beast (D:5)
  2 black bears
  4 orc warriors
  3 ogres
  3 centaurs
  3 lemures (D:6)
  6 bullfrogs
  4 scorpions
  A wyvern zombie (D:7)
  3 wights (D:9)
  7 killer bees
  A howler monkey (D:11)
  6 centaur zombies
  A jelly (D:6)
  7 orc priests
  2 centaur skeletons
  7 hounds
  7 iguanas
  Ijyb (D:5)
  2 orc wizards
  A scorpion zombie (D:5)
  A killer bee zombie (D:6)
  A hound zombie (D:5)
  4 howler monkey zombies
  A howler monkey skeleton (D:5)
  8 gnolls
  10 adders
  4 shadow imps
  A white imp (D:8)
  3 ufetubi
  An adder zombie (D:5)
  2 worms (D:2)
  2 adder skeletons
  2 dart slugs
  25 orcs
  9 ball pythons
  11 endoplasms
  6 giant cockroaches
  8 goblins
  8 hobgoblins
  4 quokkas
  12 bats
  4 frilled lizards
  7 kobolds
  A quokka skeleton (D:4)
  4 rats
277 creatures vanquished.

Vanquished Creatures (others)
  An orc wizard (D:8)
  7 plants
8 creatures vanquished.

Grand Total: 285 creatures vanquished

Notes
Turn   | Place    | Note
-------+----------+-------------------------------------------
     0 | D:1      | Peloso the Minotaur Fighter began the quest for the Orb.
     0 | D:1      | Reached XP level 1. HP: 19/19 MP: 0/0
   154 | D:1      | Reached XP level 2. HP: 27/27 MP: 1/1
   447 | D:1      | Reached skill level 1 in Dodging
   453 | D:1      | Reached XP level 3. HP: 33/33 MP: 2/2
  1026 | D:2      | Reached skill level 3 in Long Blades
  1152 | D:2      | Reached XP level 4. HP: 27/40 MP: 3/3
  1903 | D:3      | Reached skill level 4 in Long Blades
  2124 | D:3      | Found a faded altar of an unknown god.
  2449 | D:3      | Noticed a black bear
  2468 | D:3      | Killed a black bear
  2469 | D:3      | Reached skill level 5 in Long Blades
  2469 | D:3      | Reached XP level 5. HP: 42/46 MP: 4/4
  2472 | D:3      | Reached skill level 5 in Armour
  2969 | D:4      | Reached XP level 6. HP: 48/52 MP: 5/5
  3674 | D:4      | Reached skill level 6 in Long Blades
  3984 | D:5      | Entered Level 5 of the Dungeon
  3991 | D:5      | Found a blossoming altar of Fedhas.
  4039 | D:5      | Found a staircase to the Ecumenical Temple.
  4058 | D:5      | Reached XP level 7. HP: 44/60 MP: 6/6
  4059 | Temple   | Entered the Ecumenical Temple
  4143 | Temple   | Became a worshipper of Warmaster Okawaru
  4242 | D:5      | Noticed Prince Ribbit
  4249 | D:5      | Killed Prince Ribbit
  4250 | D:5      | Reached skill level 7 in Long Blades
  4365 | D:5      | Noticed Sigmund
  4373 | D:5      | Killed Sigmund
  4373 | D:5      | Reached * piety under Okawaru
  4374 | D:5      | Reached skill level 5 in Fighting
  4374 | D:5      | Reached skill level 1 in Stealth
  4374 | D:5      | Reached XP level 8. HP: 42/68 MP: 7/7
  4550 | D:5      | Reached skill level 8 in Long Blades
  4569 | D:5      | Reached skill level 5 in Shields
  4895 | D:5      | Reached skill level 9 in Long Blades
  4908 | D:5      | Reached ** piety under Okawaru
  5333 | D:5      | Found a transporter.
  5334 | D:5      | Noticed DrunkBamboolord's ghost (amateur OpCj)
  5337 | D:5      | Identified the +6 giant spiked club "Fyces" {pain, Will+}
  5375 | D:5      | Found a transporter.
  5393 | D:5      | Noticed Ijyb
  5405 | D:5      | Killed Ijyb
  5535 | D:6      | Reached XP level 9. HP: 74/74 MP: 8/8
  5549 | D:6      | Reached skill level 10 in Long Blades
  5582 | D:6      | Found a hazy altar of Hepliaklqana.
  5714 | D:6      | Found a hide-covered altar of Uskayaw.
  5869 | D:6      | Reached *** piety under Okawaru
  6202 | D:7      | Noticed Pikel
  6209 | D:7      | Paralysed by Pikel for 5 turns
  6217 | D:6      | Killed Pikel
  6218 | D:6      | Reached skill level 11 in Long Blades
  6642 | D:7      | Noticed Menkaure
  6649 | D:7      | Killed Menkaure
  7330 | D:8      | Reached skill level 12 in Long Blades
  7330 | D:8      | Reached XP level 10. HP: 67/84 MP: 9/9
  7408 | D:8      | Found a basalt altar of Yredelemnul.
  7455 | D:8      | Noticed a two-headed ogre
  7466 | D:8      | Killed a two-headed ogre
  7466 | D:8      | Reached **** piety under Okawaru
  7734 | D:8      | Found a white marble altar of Elyvilon.
  7833 | D:8      | Noticed Erica
  7850 | D:8      | Killed Erica
  7851 | D:8      | Reached skill level 1 in Evocations
  8565 | D:8      | Noticed a two-headed ogre
  8573 | D:8      | Killed a two-headed ogre
  8574 | D:8      | Reached skill level 13 in Long Blades
  8574 | D:8      | Reached skill level 1 in Invocations
  8899 | D:9      | Reached ***** piety under Okawaru
  9637 | D:9      | Found a staircase to the Orcish Mines.
  9881 | D:9      | Reached XP level 11. HP: 37/94 MP: 10/10
 10173 | D:9      | Found a snail-covered altar of Cheibriados.
 10182 | D:9      | Reached skill level 10 in Armour
 10528 | D:9      | Noticed a two-headed ogre
 10537 | D:9      | Killed a two-headed ogre
 10827 | D:10     | Entered Level 10 of the Dungeon
 11195 | D:10     | Noticed a two-headed ogre
 11207 | D:10     | Killed a two-headed ogre
 11208 | D:10     | Reached skill level 14 in Long Blades
 11445 | D:10     | Received a gift from Okawaru
 11465 | D:10     | Noticed a two-headed ogre
 11471 | D:10     | Killed a two-headed ogre
 12297 | D:5      | Killed DrunkBamboolord's ghost
 12527 | D:11     | Noticed a fire dragon
 12574 | D:11     | Killed a fire dragon
 12575 | D:11     | Reached skill level 5 in Dodging
 12698 | D:11     | Noticed a five-headed hydra
 12708 | D:11     | Killed a one-headed hydra
 13269 | D:11     | Reached skill level 10 in Fighting
 13397 | D:11     | Noticed a seven-headed hydra
 13405 | D:11     | Killed a two-headed hydra
 13406 | D:11     | Reached XP level 12. HP: 102/106 MP: 12/12
 13455 | D:11     | Found a staircase to the Lair.
 14113 | Lair:1   | Entered Level 1 of the Lair of Beasts
 14120 | Lair:1   | Found a gate leading to a gauntlet.
 14129 | Gauntlet | Entered a Gauntlet
 14129 | Gauntlet | Found a transporter.
 14129 | Gauntlet | Found a transporter.
 14139 | Gauntlet | Found a transporter.
 14142 | Gauntlet | Found a transporter.
 14150 | Gauntlet | Found a transporter.
 14160 | Gauntlet | Found a transporter.
 14162 | Gauntlet | Noticed a death yak
 14163 | Gauntlet | Noticed a death yak
 14171 | Gauntlet | Noticed a death yak
 14172 | Gauntlet | Found a transporter.
 14187 | Gauntlet | Found a transporter.
 14209 | Gauntlet | Found a transporter.
 14210 | Gauntlet | Found a transporter.
 14226 | Gauntlet | Found a transporter.
 14229 | Gauntlet | Found a transporter.
 14934 | Gauntlet | Got the Almanac of Confrontation
 14987 | Gauntlet | Identified the +4 fustibalus of Fragile Peace {vorpal, Fly
                  | Dex+5} (Okawaru gifted it to you in a Gauntlet)
 14987 | Gauntlet | Received a gift from Okawaru
 15329 | Gauntlet | Identified the ring of Noon {rF+ Dex+3}
 15394 | Gauntlet | Noticed a minotaur
 15412 | Gauntlet | HP: 2/110 [minotaur (13)]
 15417 | Gauntlet | HP: 3/110 [minotaur's headbutt (2)]
 15417 | Gauntlet | Succumbed to a minotaur's poison

Illustrated notes

Levels and vault maps discovered:
D:1:      psy_arrival_radial01, layout_loops_corners, nicolae_grassy_gnolls
D:2:      layout_rooms, minmay_randomly_rotated_circles
D:3:      layout_loops_corners, nicolae_ecumenical_pavilion,
          hangedman_decor_lopped
D:4:      layout_loops_corners, guppyfry_early_lair_pool
D:5:      layout_gridville, lemuel_crystal_altar, temple_green,
          gammafunk_ghost_smash, minmay_pentangle, uniq_ijyb, uniq_sigmund,
          uniq_prince_ribbit1
D:6:      layout_gridville, mainiacjoe_overflow_catch_the_wave
D:7:      layout_gridville, uniq_menkaure, uniq_pikel
D:8:      layout_basic, kennysheep_ying_yang, serial_corexii_hall,
          corexii_hall_statues_i, corexii_hall_statues_i, uniq_erica
D:9:      layout_roguey, cheibriados_altar_1, david_orc_3
D:10:     layout_irregular_city
D:11:     wad_cavern_with_rooms, layout_long_grid, david_lair_shrubbed
Temple:   eino_temple_rhombus
Lair:1:   layout_hall_layers, gauntlet_entry_generic, uniq_harold
Gauntlet: minmay_gauntlet_mixed_big_or_small
          [gammafunk_gauntlet_arena_split_diamond,
          minmay_gauntlet_arena_77_braids, nicolae_gauntlet_arena_x,
          minmay_gauntlet_arena_77_museum, gammafunk_gauntlet_arena_spirals,
          minmay_gauntlet_arena_77_fan, gauntlet_exit_hidden_loot]

Skill      XL: |  1  2  3  4  5  6  7  8  9 10 11 12 |
---------------+-------------------------------------+-----
Armour         | 4 5 6 7 9 12 13 | 13.0
Shields        | 4 5 6 7 8 |  8.6
Dodging        | 1 2 3 4 5 |  5.2
Long Blades    | 3 5 6 7 9 12 13 14 | 14.8
Fighting       | 4 5 6 8 10 11 | 11.1
Stealth        | 1 2 3 |  3.0
Evocations     | 1 |  1.1
Invocations    | 1 |  1.7

Action                   |  1- 3 |  4- 6 |  7- 9 | 10-12 || total
-------------------------+-------+-------+-------+-------++-------
Melee: Long sword        |    88 |   149 |   279 |    18 ||   534
       Headbutt          |    13 |    27 |    72 |   127 ||   239
       Scimitar          |       |       |       |   446 ||   446
Invok: Heroism           |       |       |     3 |    14 ||    17
Evoke: Wand              |       |       |     5 |     2 ||     7
  Use: Scroll            |       |     6 |     4 |     5 ||    15
       Potion            |       |       |     1 |     8 ||     9
 Stab: Paralysed         |       |       |     8 |       ||     8
Armor: Scale mail        |    43 |    66 |   120 |    23 ||   252
       Chain mail        |       |       |    14 |    30 ||    44
       Plate armour      |       |       |       |   206 ||   206
Dodge: Dodged            |    65 |    71 |   144 |   162 ||   442
Block: Buckler           |    29 |    33 |    58 |   145 ||   265

Table legend: (Time is in decaauts)
 A = Elapsed time spent in this place.
 B = Non-inter-level travel time spent in this place.
 C = Inter-level travel time spent in this place.
 D = Time resting spent in this place.
 E = Time spent auto-exploring this place.
 F = Levels seen in this place.
 G = Mean time per level.
                   A        B        C        D        E       F      G
               +--------+--------+--------+--------+--------+-----+--------+
         Total |  15327 |  14842 |    485 |   1736 |  10208 |  14 | 1094.8 |
       Dungeon |  13959 |  13474 |    485 |    875 |  10133 |  11 | 1269.0 |
        Temple |     94 |     94 |      0 |      0 |     75 |   1 |   94.0 |
          Lair |     15 |     15 |      0 |      0 |      0 |   1 |   15.0 |
      Gauntlet |   1257 |   1257 |      0 |    861 |      0 |   1 | 1257.0 |
               +--------+--------+--------+--------+--------+-----+--------+

Top non-repeatable levels by time:
     D:8: 1920 daAuts
     D:9: 1637 daAuts
    D:11: 1631 daAuts
     D:5: 1538 daAuts
    D:10: 1348 daAuts
     D:4: 1297 daAuts
Gauntlet: 1257 daAuts
     D:7: 1096 daAuts
     D:3: 1008 daAuts
     D:1: 1000 daAuts
     D:6: 753 daAuts
     D:2: 727 daAuts
  Temple: 94 daAuts
  Lair:1: 15 daAuts
